 Dungeon Crawl Stone Soup version 0.25-a0-730-g633e9c3c14 (webtiles) character file.

Game seed: 11052463972543005875, levelgen mode: deterministic

457 kae the Ruffian (level 6, -7/47 HPs)
             Began as a Draconian Transmuter on Apr 7, 2020.
             Was an Initiate of Wu Jian.
             Killed from afar by a smoke demon (22 damage)
             ... with a ball of steam
             ... on level 1 of the Abyss.
             The game lasted 00:03:01 (3592 turns).

kae the Ruffian (Draconian Transmuter)              Turns: 3592, Time: 00:03:01

Health: -7/47      AC:  2    Str: 14    XL:     6   Next: 77%
Magic:  6/11       EV: 19    Int: 14    God:    Wu Jian [......]
Gold:   156        SH:  0    Dex: 16    Spells: 6/12 levels left

rFire    . . .     SeeInvis .     - Unarmed
rCold    . . .     Gourm    .   (shield currently unavailable)
rNeg     . . .     Faith    .   (armour unavailable)
rPois    x         Spirit   .   (helmet currently unavailable)
rElec    .         Reflect  .   (cloak currently unavailable)
rCorr    .         Harm     .   (gloves currently unavailable)
MR       .....                  (boots currently unavailable)
Stlth    +.........             (no amulet)
HPRegen  0.15/turn              (no ring)
MPRegen  0.12/turn              (no ring)

@: spider-form, very slightly contaminated
A: tiny, unfitting armour, AC +6
a: End Transformation, Renounce Religion


You were on level 1 of the Abyss.
You worshipped Wu Jian.
Wu Jian was noncommittal.
You were not hungry.
You were a venomous arachnid creature.
You visited 1 branch of the dungeon, and saw 4 of its levels.
You visited the Abyss 1 time.

You collected 156 gold pieces.

Inventory:

Missiles
 a - 8 arrows
Armour
 k - a +0 pair of gloves (melded)
Jewellery
 d - an uncursed ring of resist corrosion {unknown}
Wands
 i - a wand of random effects (11)
 o - a wand of acid (4)
Scrolls
 g - a scroll of enchant weapon
 l - a scroll of teleportation
Potions
 b - a potion of invisibility
 f - 2 potions of magic
 j - a potion of heal wounds {unknown}
 m - a potion of curing {unknown}
Comestibles
 c - 6 rations


   Skills:
 - Level 1.1 Fighting
 - Level 1.7 Dodging
 * Level 5.9 Unarmed Combat
 + Level 3.7 Spellcasting
 + Level 3.9 Transmutations


You had 6 spell levels left.
You knew the following spells:

 Your Spells              Type           Power        Failure   Level  Hunger
a - Beastly Appendage     Tmut           ##....       13%         1    None
b - Sticks to Snakes      Tmut           ##......     17%         2    ##.....
c - Spider Form           Tmut/Pois      #.........   47%         3    ###....

Your spell library contained the following spells:

 Spells                   Type           Power        Failure   Level  Hunger
 Ice Form                 Ice/Tmut       #.......     83%         4    ####...
 Blade Hands              Tmut           ##........   88%         5    ######.


Dungeon Overview and Level Annotations

Branches:
Dungeon (4/15)
 Temple: D:4-7

Altars:
Cheibriados
Elyvilon
Fedhas
Gozag
Nemelex Xobeh
Ru
Trog
Uskayaw
Wu Jian
Zin


Innate Abilities, Weirdness & Mutations

((Your plain brown scales are hard. (AC +6)))
You cannot fit into any form of body armour.
((You are cold-blooded and may be slowed by cold attacks.))


Message History

You hit the smoke demon but do no damage.
The smoke demon is moderately wounded.
The smoke demon gestures at you. The ball of steam misses you.
You hit the smoke demon.
The smoke demon is heavily wounded.
You are engulfed in a cloud of scalding steam.
The smoke demon completely misses you. The smoke demon misses you.
The smoke demon hits you.
You hit the smoke demon.
The smoke demon is heavily wounded.
You are engulfed in a cloud of scalding steam.
* * * LOW HITPOINT WARNING * * *
The smoke demon misses you. The smoke demon barely misses you.
The smoke demon misses you.
You hit the smoke demon but do no damage.
The smoke demon is heavily wounded.
The smoke demon gestures at you. The ball of steam hits you!!
You die...

. . .. . .# # # ..#.
..#. . #.....#. . ....
....... . #.. #..... .
.. ##.. #... .....###.
# ##.# ....# #..
###...## . #.
..#.....#...§s#.#
##..#........§..3§# .#.
.....#.....#.# # .. #.
. ##...###. .#....
..#..§..#.#...
#.............§....8...
..#...............#....
..................8....
.... .... #.....#.#..


You could see a smoke demon.

Vanquished Creatures
  Sigmund (D:2)
  Natasha (thrice) (D:2)
  A worker ant (D:4)
  An orc wizard (D:3)
  2 hound zombies (D:3)
  A howler monkey skeleton (D:3)
  2 adders (D:2)
  4 worms
  3 dart slugs
  A leopard gecko (D:2)
  6 orcs
  5 bats
  2 giant cockroaches
  9 goblins
  9 hobgoblins
  12 jackals
  7 kobolds
  A ball python (D:3)
  7 frilled lizards
  A jackal skeleton (D:3)
  A leopard gecko skeleton (D:3)
  A leopard gecko zombie (D:3)
  5 rats
85 creatures vanquished.

Vanquished Creatures (collateral kills)
  2 adders (D:2)
  A giant cockroach (D:2)
  A kobold (D:2)
4 creatures vanquished.

Grand Total: 89 creatures vanquished

Notes
Turn   | Place    | Note
-------+----------+-------------------------------------------
     0 | D:1      | kae the Draconian Transmuter began the quest for the Orb.
     0 | D:1      | Reached XP level 1. HP: 16/16 MP: 3/3
   175 | D:1      | Reached XP level 2. HP: 19/23 MP: 3/5
   334 | D:1      | Learned a level 2 spell: Sticks to Snakes
   652 | D:2      | Reached XP level 3. HP: 16/28 MP: 4/6
   860 | D:2      | Learned a level 3 spell: Spider Form
   950 | D:2      | Reached skill level 4 in Unarmed Combat
  1006 | D:2      | Noticed Sigmund
  1271 | D:2      | Found a snail-covered altar of Cheibriados.
  1297 | D:2      | Killed Sigmund
  1297 | D:2      | Reached skill level 5 in Unarmed Combat
  1297 | D:2      | Reached XP level 4. HP: 32/35 MP: 1/8
  1297 | D:2      | Reached XP level 5. HP: 37/40 MP: 1/9
  1411 | D:2      | Noticed Natasha
  1434 | D:2      | Killed Natasha
  1709 | D:2      | Noticed Natasha
  1719 | D:2      | Killed Natasha
  1719 | D:2      | Reached XP level 6. HP: 26/47 MP: 6/11
  1736 | D:2      | Noticed Natasha
  1745 | D:2      | Killed Natasha
  2129 | D:2      | Found a bloodstained altar of Trog.
  2566 | D:2      | Found an opulent altar of Gozag.
  2862 | D:3      | Found a white marble altar of Elyvilon.
  2862 | D:3      | Found an ornate altar of the Wu Jian Council.
  2862 | D:3      | Found a sacrificial altar of Ru.
  2875 | D:3      | Found a glowing silver altar of Zin.
  2876 | D:3      | Found a blossoming altar of Fedhas.
  2876 | D:3      | Found a hide-covered altar of Uskayaw.
  2877 | D:3      | Found a sparkling altar of Nemelex Xobeh.
  2880 | D:3      | Became a worshipper of the Wu Jian Council
  3492 | D:4      | Cast into level 1 of the Abyss (orc)
  3580 | Abyss:1  | Noticed a smoke demon
  3592 | Abyss:1  | Killed from afar by a smoke demon

Levels and vault maps discovered:
D:1:      dpeg_arrival_long_road, layout_basic
D:2:      layout_rooms, kennysheep_slug_shrine, nicolae_overflow_hidden_temple,
          trog_hazing_becter, uniq_sigmund, uniq_natasha
D:3:      layout_basic, grunt_temple_overflow_open, serial_undead,
          serial_undead_c, serial_undead_c, serial_undead_a, serial_undead_c,
          serial_undead_c, serial_undead_a, first_ration, interstate_on_off,
          kennysheep_generic_room_9
D:4:      layout_cave_pools
Abyss:1:  base: D:2, evilmike_abyss_exit_17

Skill      XL: |  1  2  3 |
---------------+----------+-----
Unarmed Combat | 5 |  5.9
Spellcasting   | 3 |  3.7
Transmutations | 3 |  3.9
Fighting       | |  1.1
Dodging        | |  1.7

Action                   |  1- 3 |  4- 6 || total
-------------------------+-------+-------++-------
Melee: Unarmed           |    98 |   182 ||   280
       Tailslap          |    10 |     3 ||    13
       Headbutt          |     3 |       ||     3
       Kick              |     5 |     2 ||     7
       Punch             |     1 |     1 ||     2
 Cast: Beastly Appendage |    13 |     5 ||    18
       Sticks to Snakes  |     4 |       ||     4
       Spider Form       |     1 |    18 ||    19
Invok: Lunge             |       |     2 ||     2
  Use: Scroll            |       |     6 ||     6
 Stab: Distracted        |     1 |       ||     1
  Eat: Chunk             |     2 |     7 ||     9
       Ration            |       |     1 ||     1
Armor: Skin              |    34 |    30 ||    64
Dodge: Dodged            |   102 |   165 ||   267

Table legend:
 A = Non-vault XP
 B = Vault XP
 C = Vault XP percentage of total XP
 D = Non-vault monster count
 E = Vault monster count
 F = Vault count percentage of total count
                 A         B        C        D         E       F
            +---------+---------+-------+---------+---------+-------
      Total |     317 |     337 |  51.5 |      72 |      17 |  19.1
            +---------+---------+-------+---------+---------+-------
        D:1 |      32 |       0 |   0.0 |      16 |       0 |   0.0
        D:2 |     168 |     273 |  61.9 |      31 |       9 |  22.5
        D:3 |      77 |      64 |  45.4 |      22 |       8 |  26.7
        D:4 |      40 |       0 |   0.0 |       3 |       0 |   0.0
            +---------+---------+-------+---------+---------+-------
